 Dungeon Crawl Stone Soup version 0.26.1-2-gb8aa6d0cf2 (webtiles) character file.

Game seed: 4498585908660175819

3909 sizableburger the Grappler (level 10, -3/74 HPs)
             Began as a Mummy Warper on Mar 1, 2021.
             Was a Priest of Makhleb.
             Slain by Grum
             ... wielding a +0 glaive of protection
              (11 damage)
             ... on level 9 of the Dungeon.
             The game lasted 00:31:18 (16166 turns).

sizableburger the Grappler (Mummy Warper)          Turns: 16166, Time: 00:31:20

Health: -3/74      AC:  7    Str: 17    XL:     10   Next: 1%
Magic:  14/14      EV: 14    Int: 14    God:    Makhleb [***...]
Gold:   441        SH:  0    Dex: 11    Spells: 9/14 levels left

rFire    + . .     SeeInvis .     - Unarmed
rCold    + + .     Faith    .   (no shield)
rNeg     + + +     Spirit   .   a - +0 leather armour
rPois    ∞         Reflect  .   l - +2 helmet
rElec    .         Harm     .   p - scarf {rC+ rF+}
rCorr    .         Rampage  .   (no gloves)
Will     +....                  i - +0 pair of boots
Stlth    +.........             (no amulet)
HPRegen  0.22/turn              o - ring of protection from fire
MPRegen  0.14/turn              (no ring)

@: no status effects
A: no potions, fire vulnerability, cold resistance 1, negative energy resistance
3, torment resistance, unbreathing
a: Renounce Religion, Minor Destruction, Lesser Servant of Makhleb


You were on level 9 of the Dungeon.
You worshipped Makhleb.
Makhleb was most pleased with you.
You visited 1 branch of the dungeon, and saw 9 of its levels.

You collected 441 gold pieces.

Inventory:

Missiles
 d - 2 boomerangs of dispersal (quivered)
 n - 4 boomerangs
 r - 2 throwing nets
Armour
 a - a +0 leather armour (worn)
 i - a +0 pair of boots (worn)
 j - a +0 cloak
 l - a +2 helmet (worn)
 p - a scarf of resistance (worn)
Jewellery
 o - a ring of protection from fire (left hand)
Wands
 g - a wand of iceblast (3)
Scrolls
 b - 4 scrolls of remove curse
 c - a scroll of amnesia
 e - 3 scrolls of teleportation
 f - 4 scrolls of fog
 t - a scroll of enchant weapon


   Skills:
 - Level 5.3 Fighting
 - Level 0.7 Throwing
 + Level 2.7 Armour
 - Level 5.6 Dodging
 - Level 8.0 Unarmed Combat
 - Level 2.6 Spellcasting
 - Level 4.0 Translocations
 + Level 3.9 Invocations
 - Level 2.1 Evocations


You had 9 spell levels left.
You knew the following spells:

 Your Spells              Type           Power        Failure   Level
a - Blink                 Tloc           N/A          8%          2
b - Teleport Other        Tloc           13%          16%         3

Your spell library contained the following spells:

 Spells                   Type           Power        Failure   Level
 Gell's Gravitas          Tloc           6%           16%         3
 Lesser Beckoning         Tloc           6%           16%         3
 Passage of Golubria      Tloc           N/A          45%         4


Dungeon Overview and Level Annotations

Branches:
Dungeon (9/15)             Temple (0/1) D:4
   Lair: D:8-11         Orc: D:9-12

Altars:
Elyvilon
Makhleb
Sif Muna
Trog
Uskayaw
Yredelemnul
The Shining One

Shops:
D:7 :

Annotations:
D:3 Sigmund
D:9 Grum


Innate Abilities, Weirdness & Mutations

You do not drink.
Your flesh is vulnerable to fire.
You are immune to poison.
Your flesh is cold resistant. (rC+)
You are immune to negative energy. (rN+++)
You are immune to unholy pain and torment.
You can survive without breathing.


Message History

Grum hits you with a +0 glaive of protection!
* * * LOW HITPOINT WARNING * * *
Press: ? - help, Shift-Dir - straight line, f/p - Grum
Aim: Grum, wielding a +0 glaive of protection and wearing a +0 animal skin (almost dead) Grum resists with significant effort.
Grum misses you.
Press: ? - help, Shift-Dir - straight line, f/p - Grum
Aim: Grum, wielding a +0 glaive of protection and wearing a +0 animal skin (almost dead) Grum struggles to resist.
Press: ? - help, Shift-Dir - straight line, f/p - Grum
Aim: Grum, wielding a +0 glaive of protection and wearing a +0 animal skin (almost dead)
The stone arrow hits Grum.
Grum is almost dead.
Grum hits you with a +0 glaive of protection!
* * * LOW HITPOINT WARNING * * *
Press: ? - help, Shift-Dir - straight line, f/p - Grum
Aim: Grum, wielding a +0 glaive of protection and wearing a +0 animal skin (almost dead)
The glob of acid hits Grum but does no damage.
Grum is almost dead.
Grum hits you with a +0 glaive of protection!
You die...

######################
.....................#
....#..#.g#<.#.......#
..........@..........#
#......###'###.....#
#.#..#.#.....#.....#
+.....g#.##..#.....#
#......'.##..#.....#
#.#....#.##..#.....#
#......####..+.....#
+.........####.....#
#.#.#'##### ..#.#.#


You could see Grum.

Vanquished Creatures
  A water moccasin (D:6)
  An ice beast (D:8)
  2 sky beasts
  3 phantoms
  A black bear (D:6)
  3 orc warriors
  4 ogres
  A necrophage (D:8)
  3 wolves (D:9)
  5 centaurs
  A bullfrog (D:6)
  A water moccasin zombie (D:8)
  4 scorpions
  4 wights (D:8)
  3 howler monkeys (D:7)
  A centaur zombie (D:5)
  A quasit (D:8)
  3 centaur skeletons
  5 hounds
  4 orc priests
  5 orc wizards
  A gnoll shaman (D:4)
  3 iguanas
  7 worker ants
  3 hound skeletons
  2 hound zombies
  Robin (D:1)
  A howler monkey skeleton (D:2)
  7 gnolls
  10 adders
  A shadow imp (D:6)
  2 white imps (D:8)
  4 ufetubi
  2 oozes
  3 adder skeletons
  3 worms
  5 dart slugs
  A leopard gecko (D:6)
  25 orcs
  4 ball pythons
  A giant cockroach (D:4)
  10 goblins
  8 hobgoblins
  15 jackals
  5 quokkas
  4 bats
  4 frilled lizards
  5 kobolds
  A leopard gecko skeleton (D:6)
  4 rats
198 creatures vanquished.

Notes
Turn   | Place    | Note
-------+----------+-------------------------------------------
     0 | D:1      | sizableburger the Mummy Warper began the quest for the Orb.
     0 | D:1      | Reached XP level 1. HP: 16/16 MP: 4/4
   406 | D:1      | Reached XP level 2. HP: 8/22 MP: 5/5
   794 | D:1      | Reached skill level 2 in Unarmed Combat
  1380 | D:2      | Learned a level 2 spell: Blink
  1430 | D:2      | Found a burning altar of Makhleb.
  1430 | D:2      | Noticed a balrug
  1433 | D:2      | Noticed a smoke demon
  1433 | D:2      | Noticed an orange demon
  1435 | D:2      | Became a worshipper of Makhleb the Destroyer
  1625 | D:2      | Reached XP level 3. HP: 20/27 MP: 7/7
  2525 | D:2      | Reached XP level 4. HP: 28/33 MP: 8/8
  2610 | D:2      | Learned a level 3 spell: Teleport Other
  2647 | D:2      | Noticed Robin
  3116 | D:1      | Killed Robin
  3363 | D:3      | You fall into a shaft and drop 2 floors!
  3363 | D:5      | Entered Level 5 of the Dungeon
  3364 | D:5      | Noticed a phantom
  3751 | D:4      | Reached XP level 5. HP: 22/38 MP: 9/9
  4076 | D:3      | Noticed Sigmund
  4502 | D:4      | Reached * piety under Makhleb
  4543 | D:4      | Reached skill level 3 in Unarmed Combat
  5336 | D:4      | Noticed an ogre
  5343 | D:4      | Killed an ogre
  5344 | D:4      | Reached XP level 6. HP: 44/44 MP: 10/10
  6037 | D:4      | Found a staircase to the Ecumenical Temple.
  6116 | D:4      | Reached skill level 4 in Unarmed Combat
  6550 | D:4      | Noticed an orc warrior
  6559 | D:4      | Killed an orc warrior
  6560 | D:4      | Reached XP level 7. HP: 26/50 MP: 11/11
  6782 | D:4      | Found a glowing golden altar of the Shining One.
  6782 | D:4      | Found a bloodstained altar of Trog.
  6838 | D:4      | Reached skill level 5 in Unarmed Combat
  7092 | D:4      | Found a hide-covered altar of Uskayaw.
  7094 | D:4      | Found a faded altar of an unknown god.
  7096 | D:4      | Found a basalt altar of Yredelemnul.
  8239 | D:5      | Reached skill level 6 in Unarmed Combat
  8239 | D:5      | Reached XP level 8. HP: 16/58 MP: 12/12
  9572 | D:6      | Reached ** piety under Makhleb
 10004 | D:5      | HP: 3/61 [orc warrior/+0 long sword (11)]
 10640 | D:5      | Reached skill level 5 in Fighting
 10640 | D:5      | Reached skill level 7 in Unarmed Combat
 11041 | D:6      | Found a white marble altar of Elyvilon.
 11348 | D:6      | Reached skill level 1 in Armour
 11914 | D:6      | Reached XP level 9. HP: 54/68 MP: 7/13
 13461 | D:7      | Found Caxikaff's Book Boutique.
 13507 | D:7      | Reached skill level 1 in Invocations
 13707 | D:7      | Found a shimmering blue altar of Sif Muna.
 14354 | D:8      | Reached skill level 5 in Dodging
 14354 | D:8      | Reached skill level 8 in Unarmed Combat
 14697 | D:8      | Reached skill level 1 in Evocations
 15748 | D:9      | Reached *** piety under Makhleb
 15837 | D:9      | Noticed Grum
 15866 | D:9      | HP: 2/68 [wolf[Grum] (4)]
 15876 | D:9      | Reached XP level 10. HP: 15/74 MP: 14/14
 16166 | D:9      | Slain by Grum

Illustrated notes

Levels and vault maps discovered:
D:1:      sevenhm_arrival_forest_fort_large_4, layout_rooms
D:2:      layout_loops_corners, makhleb_altar_promises_db, uniq_robin
D:3:      layout_rooms, minivault_26, uniq_sigmund
D:4:      layout_loops_ring, chequers_temple_overflow_minitemple,
          minmay_temple_entry_glass
D:5:      layout_basic, kennysheep_generic_room_6
D:6:      layout_cave_pods, nicolae_overflow_hidden_temple
D:7:      layout_gridville, lemuel_crystal_altar, serial_shops, shop
D:8:      nicolae_whirlpool, layout_rooms, minmay_door_square,
          corexii_corridor_pit
D:9:      layout_stronghold, enter_bailey_7, uniq_harold, uniq_erolcha,
          uniq_grum

Skill      XL: |  1  2  3  4  5  6  7  8  9 |
---------------+----------------------------+-----
Dodging        | 2 3 4 5 |  5.6
Unarmed Combat | 2 3 4 6 7 8 |  8.0
Translocations | 3 4 |  4.0
Fighting       | 3 5 |  5.3
Armour         | 1 2 |  2.7
Invocations    | 3 |  3.9
Evocations     | 2 |  2.1
Throwing       | |  0.7
Spellcasting   | |  2.6

Action                   |  1- 3 |  4- 6 |  7- 9 | 10-12 || total
-------------------------+-------+-------+-------+-------++-------
Melee: Unarmed           |   175 |   386 |   753 |    16 ||  1330
       Punch             |     1 |     4 |    16 |     1 ||    22
Throw: Boomerang         |       |     1 |     2 |       ||     3
 Cast: Blink             |       |     1 |     3 |       ||     4
       Teleport Other    |       |       |    17 |       ||    17
Invok: Minor Destruction |       |       |     1 |     5 ||     6
Evoke: Wand              |       |     7 |     6 |     1 ||    14
  Use: Scroll            |       |    10 |     8 |       ||    18
Armor: Leather armour    |    26 |   114 |   231 |       ||   371
Dodge: Dodged            |   108 |   252 |   557 |     9 ||   926
